 Dungeon Crawl Stone Soup version 0.29.0-4-gdea44cf6ec (webtiles) character file.

Game seed: 10415096943509077093

56 qw the Chopper (level 3, -8/21 HPs)
             Began as a Tengu Warper on Aug 28, 2022.
             Mangled by a gnoll
             ... wielding a +0 halberd
              (12 damage)
             ... on level 2 of the Dungeon.
             The game lasted 00:00:11 (2229 turns).

qw the Chopper (Tengu Warper)                       Turns: 2229, Time: 00:00:11

Health: -8/21      AC:  5    Str: 13    XL:     3   Next: 95%
Magic:  7/7        EV: 11    Int: 13    God:
Gold:   135        SH:  0    Dex: 19    Spells: 6/6 levels left

rFire   . . .      SeeInvis .   Y - +0 hand axe
rCold   . . .      Faith    .   (no shield)
rNeg    . . .      Spirit   .   k - +0 ring mail
rPois   .          Reflect  .   (helmet restricted)
rElec   .          Harm     .   (no cloak)
rCorr   .          Rampage  .   (no gloves)
Will    .....                   (boots unavailable)
Stlth   +.........              (no amulet)
HPRegen 0.07/turn               g - +6 ring of dexterity
MPRegen 0.10/turn               (no ring)

@: about to teleport
A: beak, talons 3
a: no special abilities


You were on level 2 of the Dungeon.
You visited 1 branch of the dungeon, and saw 2 of its levels.

You collected 135 gold pieces.


Innate Abilities, Weirdness & Mutations

You have a beak for a mouth.
You have claws for feet.


   Skills:
 - Level 2.0 Fighting
 + Level 4.5 Axes
 - Level 1.0 Throwing
 - Level 1.1 Armour
 - Level 2.1 Dodging
 - Level 2.0 Spellcasting
 - Level 2.4 Translocations


You had 6 spell levels left.
You didn't know any spells.
Your spell library contained the following spells:

 Spells                   Type           Power      Damage    Failure   Level
 Blink                    Tloc           14%        N/A       30%         2
 Gell's Gravitas          Tloc           7%         N/A       52%         3
 Lesser Beckoning         Tloc           7%         N/A       52%         3
 Teleport Other           Tloc           7%         N/A       52%         3
 Manifold Assault         Tloc           7%         N/A       99%         5

Inventory:

Hand Weapons
 d - a +0 whip
 Y - a +0 hand axe (weapon)
Missiles
 i - 3 javelins (quivered)
Armour
 b - a +3 leather armour
 k - a +0 ring mail (worn)
Jewellery
 g - a +6 ring of dexterity (left hand)
Scrolls
 c - a scroll of vulnerability {unknown}
 e - a scroll of enchant weapon {unknown}
 h - a scroll of amnesia {unknown}
Potions
 a - a potion of brilliance {unknown}
 f - a potion of curing {unknown}
 l - a potion of might {unknown}

Dungeon Overview and Level Annotations

Branches:
Dungeon (2/15)

Altars:

Shops:
D:2 (


Message History

Enter note: A hobgoblin comes into view.
The hobgoblin shouts!
Enter note: Throw: 3 javelins
Press: ? - help, Q - select action Shift-Dir - straight line, f - hobgoblin You throw a javelin.
The javelin barely misses the hobgoblin.
Throw: 2 javelins
Press: ? - help, Q - select action Shift-Dir - straight line, f/p - hobgoblin You throw a javelin.
The javelin pierces through the hobgoblin.
You kill the hobgoblin!
h - a scroll labelled PUAMUETEGU
i - 3 javelins (gained 2)
You open the door.
There is an open door here.
Found a sling.
Found a stone staircase leading down.
A gnoll comes into view. It is wielding a +0 whip.
The gnoll shouts!
You hear a shout! x2
A gnoll comes into view. It is wielding a +0 halberd.
2223 ||| Stepping ~*~*~tactically~*~*~ (hiding).
You start waiting.
There are monsters nearby!
A gnoll and a rat come into view.
The gnoll shouts!
You hear an angry hiss.
The gnoll hits you but does no damage.
The gnoll throws a throwing net.
The throwing net completely misses you.
You closely miss the gnoll. The gnoll hits you with a +0 whip.
The gnoll hits you from afar with a +0 halberd!
Ouch! That really hurt!
2229 ||| READING scroll of teleportation.
As you read the scroll of teleportation, it crumbles to dust.
You feel strangely unstable. The gnoll barely misses you.
The gnoll hits you from afar with a +0 halberd!
Ouch! That really hurt!
You die...

.# #.........'....# .#
#.........###..# .#
#.........# #..# .#
##......### #..#
.####......# #..#
...........# #..#
#......#########.(######
......................>#
............####@g####.#
#...........#...........
............+...g.####.#
#..##########...#.#
#.[... #g.. .# #..####
#.r. .# ......### #...
.# ......... #... .#
#..##.###


You could see 3 gnolls and a rat.

Vanquished Creatures
  An adder (D:2)
  6 endoplasms
  2 giant cockroaches
  5 goblins
  7 hobgoblins
  3 jackals (D:1)
  A quokka (D:1)
  4 bats
  6 frilled lizards
  5 kobolds
  3 rats (D:1)
43 creatures vanquished.

Notes
Turn   | Place    | Note
-------+----------+-------------------------------------------
     0 | D:1      | qw the Tengu Warper began the quest for the Orb.
     0 | D:1      | Reached XP level 1. HP: 12/12 MP: 4/4
     0 | D:1      | 0 ||| qw: Version: 0.1-a-89-g26bdef1
     0 | D:1      | 0 ||| qw: Game counter: 684
     0 | D:1      | 0 ||| qw: Always use a shield: true
     0 | D:1      | 0 ||| qw: God list: Okawaru
     0 | D:1      | 0 ||| qw: Allow faded altars: false
     0 | D:1      | 0 ||| qw: Do Orc after D:15 true
     0 | D:1      | 0 ||| qw: Do second Lair branch before Depths: true
     0 | D:1      | 0 ||| qw: Lair rune preference: random
     0 | D:1      | 0 ||| qw: Plans: Normal
     0 | D:1      | 0 ||| PLANNING D:1-11
    46 | D:1      | Found a faded altar of an unknown god.
    67 | D:1      | 67 ||| Stepping ~*~*~tactically~*~*~ (stealth).
    68 | D:1      | 68 ||| Stepping ~*~*~tactically~*~*~ (stealth).
    69 | D:1      | 69 ||| Stepping ~*~*~tactically~*~*~ (stealth).
    70 | D:1      | 70 ||| Stepping ~*~*~tactically~*~*~ (stealth).
    92 | D:1      | HP: 3/12 [kobold/+0 whip (4)]
   316 | D:1      | 316 ||| Stepping ~*~*~tactically~*~*~ (stealth).
   318 | D:1      | 318 ||| Stepping ~*~*~tactically~*~*~ (stealth).
   320 | D:1      | 320 ||| Stepping ~*~*~tactically~*~*~ (stealth).
   325 | D:1      | Reached skill level 3 in Axes
   325 | D:1      | Reached XP level 2. HP: 10/17 MP: 6/6
   543 | D:1      | 543 ||| Stepping ~*~*~tactically~*~*~ (stealth).
   545 | D:1      | 545 ||| Stepping ~*~*~tactically~*~*~ (stealth).
   954 | D:1      | Reached XP level 3. HP: 20/21 MP: 7/7
   982 | D:1      | 982 ||| Stepping ~*~*~tactically~*~*~ (stealth).
  1381 | D:1      | 1381 ||| UPGRADING to +0 ring mail.
  1391 | D:1      | 1391 ||| DROPPING +0 leather armour.
  1392 | D:1      | 1392 ||| UPGRADING to +6 ring of dexterity.
  1393 | D:1      | 1393 ||| READING scroll labelled AFOMARUARCHU.
  1394 | D:1      | 1394 ||| READING 2 scrolls labelled PITERPHIECE.
  1397 | D:1      | 1397 ||| DRINKING 2 fuming pink potions.
  1436 | D:1      | 1436 ||| DROPPING scroll of blinking.
  1437 | D:1      | 1437 ||| DROPPING potion of lignification.
  1553 | D:2      | Reached skill level 4 in Axes
  1621 | D:2      | 1621 ||| FLEEEEING.
  1689 | D:2      | 1689 ||| FLEEEEING.
  1690 | D:2      | 1690 ||| FLEEEEING.
  1691 | D:2      | 1691 ||| FLEEEEING.
  1692 | D:2      | 1692 ||| FLEEEEING.
  1693 | D:2      | 1693 ||| FLEEEEING.
  1694 | D:2      | 1694 ||| FLEEEEING.
  1695 | D:2      | 1695 ||| FLEEEEING.
  1696 | D:2      | 1696 ||| FLEEEEING.
  1697 | D:2      | 1697 ||| FLEEEEING.
  1698 | D:2      | 1698 ||| FLEEEEING.
  1699 | D:2      | 1699 ||| FLEEEEING.
  1700 | D:2      | 1700 ||| FLEEEEING.
  1701 | D:2      | 1701 ||| FLEEEEING.
  1702 | D:2      | 1702 ||| FLEEEEING.
  1703 | D:2      | 1703 ||| FLEEEEING.
  1704 | D:2      | 1704 ||| FLEEEEING.
  1705 | D:2      | 1705 ||| FLEEEEING.
  1706 | D:2      | 1706 ||| FLEEEEING.
  1707 | D:2      | 1707 ||| FLEEEEING.
  1708 | D:2      | 1708 ||| FLEEEEING.
  1709 | D:2      | 1709 ||| FLEEEEING.
  1710 | D:2      | 1710 ||| FLEEEEING.
  1711 | D:2      | 1711 ||| FLEEEEING.
  1712 | D:2      | 1712 ||| FLEEEEING.
  1713 | D:2      | 1713 ||| FLEEEEING.
  1714 | D:2      | 1714 ||| FLEEEEING.
  1715 | D:2      | 1715 ||| FLEEEEING.
  1716 | D:2      | 1716 ||| STAIRDANCE
  1837 | D:1      | 1837 ||| READING scroll labelled KIODOF CARPHO.
  1873 | D:2      | 1873 ||| Stepping ~*~*~tactically~*~*~ (stealth).
  1878 | D:2      | 1878 ||| Stepping ~*~*~tactically~*~*~ (stealth).
  1879 | D:2      | 1879 ||| Stepping ~*~*~tactically~*~*~ (stealth).
  1973 | D:2      | Found Caemm's Weapon Emporium.
  1983 | D:2      | 1983 ||| SHOPLISTING +0 antimagic war axe (162 gold, have
                  | 111).
  1983 | D:2      | 1983 ||| SHOPLISTING +1 war axe of freezing (172 gold, have
                  | 111).
  2223 | D:2      | 2223 ||| Stepping ~*~*~tactically~*~*~ (hiding).
  2228 | D:2      | HP: 4/21 [gnoll/+0 halberd (11)]
  2229 | D:2      | 2229 ||| READING scroll of teleportation.
  2229 | D:2      | Mangled by a gnoll

Levels and vault maps discovered:
D:1:      minmay_arrival_pointy, layout_basic,
          shapermc_ecumenical_altar_rom_forum, minmay_misc_feat_five,
          minmay_curled_crystal, st_stairs_4
D:2:      layout_basic, serial_shops, nicolae_lakefront_shop

Skill      XL: |  1  2  3 |
---------------+----------+-----
Axes           | 3 4 |  4.5
Fighting       | |  2.0
Throwing       | |  1.0
Armour         | |  1.1
Dodging        | |  2.1
Spellcasting   | |  2.0
Translocations | |  2.4

Action                   || total
-------------------------++-------
Melee: Hand axe          ||    71
       Kick              ||    16
       Peck              ||     7
Throw: Boomerang         ||     7
       Javelin           ||    22
  Use: Scroll            ||     4
       Potion            ||     1
Armor: Leather armour    ||    12
       Ring mail         ||     6
Dodge: Dodged            ||    24

Table legend:
 A = Non-vault XP
 B = Vault XP
 C = Vault XP percentage of total XP
 D = Non-vault monster count
 E = Vault monster count
 F = Vault count percentage of total count
                 A         B        C        D         E       F
            +---------+---------+-------+---------+---------+-------
      Total |      77 |       3 |   3.8 |      41 |       2 |   4.7
            +---------+---------+-------+---------+---------+-------
        D:1 |      36 |       3 |   7.7 |      23 |       2 |   8.0
        D:2 |      41 |       0 |   0.0 |      18 |       0 |   0.0
            +---------+---------+-------+---------+---------+-------
